 Dungeon Crawl Stone Soup version 0.23.2-33-g5129a83184 (webtiles) character file.

Game seed: 663621661479571669

18 MalarOregon the Grave Robber (level 2, -1/19 (20) HPs)
             Began as a Ghoul Necromancer on July 12, 2019.
             Slain by a jackal (3 damage)
             ... on level 1 of the Dungeon.
             The game lasted 00:01:04 (499 turns).

MalarOregon the Grave Robber (Ghoul Necromancer)     Turns: 499, Time: 00:01:04

HP:   -1/19 (20)    AC:  2    Str: 11    XL:     2   Next: 70%
MP:   0/4           EV: 12    Int: 10    God:
Gold: 17            SH:  0    Dex:  9    Spells: 5/6 levels left

rFire    . . .     SeeInvis .   f - +0 dagger
rCold    + . .     Gourm    .   (no shield)
rNeg     + + +     Faith    .   a - +0 robe
rPois    ∞         Spirit   .   (no helmet)
rElec    .         Reflect  .   d - scarf {repulsion}
rCorr    .         Harm     .   (no gloves)
MR       .....                  (no boots)
Stlth    ++........             (no amulet)
HPRegen  0.00/turn              (no ring)
MPRegen  0.09/turn              (no ring)

@: very slightly contaminated, rotting, repel missiles
A: rotting body, claws 1, carnivore, cold resistance 1, negative energy
resistance 3, inhibited regeneration, torment resistance, unbreathing
a: no special abilities


You were on level 1 of the Dungeon.
You were not hungry.

You visited 1 branch of the dungeon, and saw 1 of its levels.

You collected 17 gold pieces.

Inventory:

Hand Weapons
 f - a +0 dagger (weapon)
   (You took it off a kobold on level 1 of the Dungeon)
Armour
 a - a +0 robe (worn)
 d - a scarf of repulsion (worn)
   (You found it on level 1 of the Dungeon)
Scrolls
 c - a scroll of identify {unknown}
 g - a scroll of teleportation {unknown}
Potions
 h - a potion of curing {unknown}
Comestibles
 e - a ration {!d}


   Skills:
 - Level 1.7 Dodging
 - Level 2.1 Stealth
 + Level 2.7 Spellcasting
 - Level 4.0 Necromancy


You had 5 spell levels left.
You knew the following spells:

 Your Spells              Type           Power        Failure   Level  Hunger
a - Pain                  Necr           #...         5%          1    ##.....

Your spell library contained the following spells:

 Spells                   Type           Power        Failure   Level  Hunger
 Animate Skeleton         Necr           N/A          5%          1    ##.....
 Vampiric Draining        Necr           #.........   17%         3    ####...
 Regeneration             Chrm/Necr      #.........   36%         3    ####...
 Animate Dead             Necr           N/A          50%         4    #####..


Dungeon Overview and Level Annotations

Branches:
Dungeon (1/15)

Altars:


Innate Abilities, Weirdness & Mutations

Your body is rotting away.
You thrive on raw meat.
You are immune to poison.
You have sharp fingernails.
You are carnivorous and can eat meat at any time.
Your flesh is cold resistant. (rC+)
You are immune to negative energy. (rN+++)
You do not regenerate when monsters are visible.
You are immune to unholy pain and torment.
You can survive without breathing.


Message History

A jackal is nearby!
A jackal is nearby!
A jackal comes into view.
There is an open door here.
The jackal barks!
You closely miss the jackal.
The jackal barks!
The jackal bites you.
You completely miss the jackal. The jackal barely misses you.
The jackal completely misses you. The jackal bites you. x2
You closely miss the jackal. The jackal bites you. The jackal misses you.
You hit the jackal. The jackal barely misses you. The jackal bites you.
You hit the jackal but do no damage. The jackal bites you. x2
The jackal closely misses you. The jackal misses you.
You hit the jackal. The jackal bites you.
* * * LOW HITPOINT WARNING * * *
The jackal bites you.
* * * LOW HITPOINT WARNING * * *
The jackal barely misses you. x2
There is an open door here.
Eat a chunk of flesh? (ye/n/q)
You eat the chunk of flesh.
This raw flesh tastes great!
You eat one of the 2 rations {!d}.
That ration really hit the spot!
The jackal bites you.
* * * LOW HITPOINT WARNING * * *
Aim: a jackal (chance to defeat MR: 76%)
The jackal writhes in agony.
The jackal closely misses you.
Unknown command.
Aim: a jackal (severely wounded, chance to defeat MR: 76%)
You miscast Pain.
You are very lightly contaminated with residual magic.
You shiver with cold.
The jackal barely misses you. The jackal bites you.
* * * LOW HITPOINT WARNING * * *
Aim: a jackal (severely wounded, chance to defeat MR: 76%)
The jackal writhes in agony.
You kill the jackal!
You closely miss the jackal. The jackal bites you.
* * * LOW HITPOINT WARNING * * *
The jackal barely misses you.
You closely miss the jackal. The jackal bites you.
* * * LOW HITPOINT WARNING * * *
Aim: a jackal (heavily wounded, chance to defeat MR: 76%)
The jackal barely resists.
You feel your flesh rotting away. The jackal bites you.
* * * LOW HITPOINT WARNING * * *
You hit the jackal but do no damage.
The jackal bites you but does no damage. x2
The jackal bites you.
You die...

... ..## #.# #... ... #
#..# # #.#.# #..# #.#.#.
######## #..# #.#..
........ #..#
#...#+##########
#..#####.............
#...@h.†.........#### #
#.######.........####
#.##..÷.....#.....#.....
#...#######+#####..####.
#>.......#.........#####
#........#..............
#........#.........#####
#..................#....
###...............(#.###


You could see a jackal.

Vanquished Creatures
  A dart slug (D:1)
  A ball python (D:1)
  4 bats (D:1)
  A goblin (D:1)
  A hobgoblin (D:1)
  2 jackals (D:1)
  3 kobolds (D:1)
  3 rats (D:1)
16 creatures vanquished.

Notes
Turn   | Place    | Note
-------+----------+-------------------------------------------
     0 | D:1      | MalarOregon the Ghoul Necromancer began the quest for the
                  | Orb.
     0 | D:1      | Reached XP level 1. HP: 14/14 MP: 2/2
   207 | D:1      | Reached XP level 2. HP: 20/20 MP: 4/4
   499 | D:1      | Slain by a jackal

Skill      XL: |  1 |
---------------+----+-----
Spellcasting   | 2 |  2.7
Dodging        | |  1.7
Stealth        | |  2.1
Necromancy     | |  4.0

Action                   || total
-------------------------++-------
Melee: Dagger            ||    41
       Unarmed           ||     1
 Cast: Pain              ||    19
  Eat: Chunk             ||     4
       Ration            ||     1
Armor: Robe              ||    11
Dodge: Dodged            ||    38
       Deflected         ||     1
